HBL
TACOMA RAINIERS @ SAN ANTONIO MISSIONS
05/03/1997
 
TOP OF THE 1ST
Tacoma Rainiers batting - Pitching for San Antonio Missions : LHP Allan Anderson
Pitching: LHP Allan Anderson
Batting: SHB Chad Fonville 0-0: Called Strike
0-1: Ball
1-1: Ball
2-1: Ball
3-1: Base on Balls
Batting: RHB Jose Guillen 0-0: Ball
1-0: Called Strike
Chad Fonville steals 2nd base (no throw)
1-1: Ground out 5-3 (Groundball, 5, EV 85.6 MPH)
Batting: RHB Russ Davis 0-0: Ground out 5-3 (Groundball, 5, EV 96.3 MPH)
Batting: SHB Micah Franklin 0-0: Called Strike
0-1: Foul Ball, location: 2F
0-2: Foul Ball, location: 2F
Pickoff Throw to Second - Error! E1
Chad Fonville to third
0-2: Ground out 4-3 (Groundball, 34, EV 105.6 MPH)
Top of the 1st over - 0 runs, 0 hits, 1 error, 1 left on base; Tacoma 0 - San Antonio 0
BOTTOM OF THE 1ST
San Antonio Missions batting - Pitching for Tacoma Rainiers : RHP Brian Rose
Pitching: RHP Brian Rose
Batting: LHB David Hulse 0-0: Ball
1-0: Ball
2-0: Ball
3-0: Called Strike
3-1: SINGLE (Groundball, 4MD, EV 100.0 MPH)
Batting: SHB Bill Doran 0-0: Ball
1-0: Called Strike
1-1: SINGLE (Line Drive, 56D, EV 101.9 MPH)
David Hulse to second
Batting: RHB Damian Jackson 0-0: Foul Ball, location: 2F
0-1: Grounds into double play, 4-6-3 (Groundball, 4, EV 82.5 MPH)
David Hulse to third
Batting: RHB Orlando Miller 0-0: Swinging Strike
0-1: Ball
1-1: Foul Ball, location: 2F
1-2: Ball
Wild Pitch!
David Hulse scores
2-2: Ball
3-2: Foul Ball, location: 2F
3-2: Base on Balls
Batting: RHB David Green 0-0: Ball
1-0: Called Strike
1-1: Foul Ball, location: 2F
1-2: SINGLE (Groundball, 56S, EV 65.6 MPH) (infield hit)
Orlando Miller to second
Batting: RHB Eric Owens 0-0: Called Strike
0-1: Ball
1-1: Ground out 5-3 (Groundball, 56S, EV 88.1 MPH)
Bottom of the 1st over - 1 run, 3 hits, 0 errors, 2 left on base; Tacoma 0 - San Antonio 1
TOP OF THE 2ND
Tacoma Rainiers batting - Pitching for San Antonio Missions : LHP Allan Anderson
Batting: LHB Chito Martinez 0-0: Ball
1-0: Called Strike
1-1: Ball
2-1: SINGLE (Groundball, 6, EV 89.4 MPH) (infield hit)
Batting: RHB Eric Young 0-0: Ball
1-0: Called Strike
1-1: Foul Ball, location: 2F
1-2: Ball
2-2: Fielders Choice at 2nd, 5-4 (Groundball, 56, EV 83.1 MPH)
Batting: LHB Daryl Boston 0-0: Called Strike
0-1: Swinging Strike
0-2: Fly out, F9 (Flyball, 9LSF, EV 93.1 MPH)
Batting: LHB Mario Valdez 0-0: Called Strike
0-1: Called Strike
0-2: Ball
1-2: Strikes out swinging
Top of the 2nd over - 0 runs, 1 hit, 0 errors, 1 left on base; Tacoma 0 - San Antonio 1
BOTTOM OF THE 2ND
San Antonio Missions batting - Pitching for Tacoma Rainiers : RHP Brian Rose
Batting: RHB Kelly Stinnett 0-0: Swinging Strike
0-1: Ball
1-1: SINGLE (Line Drive, 56, EV 106.9 MPH)
Batting: RHB Mike Matheny 0-0: Foul Ball, location: 2F
0-1: Foul Ball, location: 2F
0-2: Ball
1-2: Ball
2-2: Ball
3-2: Fly out, F9 (Flyball, 89S, EV 86.9 MPH)
Batting: RHB Luis Sojo 0-0: Ball
1-0: Called Strike
1-1: SINGLE (Line Drive, 4MD, EV 98.8 MPH)
Kelly Stinnett to second
Runner from 2nd tries for 3rd, SAFE after rundown.
Batting: LHB David Hulse 0-0: Swinging Strike
0-1: Ball
1-1: Fielders Choice at 2nd, 4-6 (Groundball, 4, EV 103.8 MPH)
Kelly Stinnett scores
Batting: SHB Bill Doran 0-0: Ball
1-0: Ball
Wild Pitch!
David Hulse to second
2-0: Called Strike
2-1: Ball
3-1: Base on Balls
Batting: RHB Damian Jackson 0-0: Called Strike
0-1: Called Strike
0-2: Ball
1-2: Foul Ball, location: 2F
1-2: Strikes out looking
Bottom of the 2nd over - 1 run, 2 hits, 0 errors, 2 left on base; Tacoma 0 - San Antonio 2
TOP OF THE 3RD
Tacoma Rainiers batting - Pitching for San Antonio Missions : LHP Allan Anderson
Batting: LHB Greg O'Halloran 0-0: Ground out 4-3 (Groundball, 34, EV 104.4 MPH)
Batting: SHB Chad Fonville 0-0: Ball
1-0: Swinging Strike
1-1: Ball
2-1: Swinging Strike
2-2: Ball
3-2: Strikes out looking
Batting: RHB Jose Guillen 0-0: Called Strike
0-1: Called Strike
0-2: Ball
1-2: Ground out 1-3 (Groundball, 15, EV 62.5 MPH)
Top of the 3rd over - 0 runs, 0 hits, 0 errors, 0 left on base; Tacoma 0 - San Antonio 2
BOTTOM OF THE 3RD
San Antonio Missions batting - Pitching for Tacoma Rainiers : RHP Brian Rose
Batting: RHB Orlando Miller 0-0: Called Strike
0-1: Swinging Strike
0-2: Ball
1-2: Ball
2-2: Ball
3-2: Base on Balls
Batting: RHB David Green 0-0: Fielders Choice at 2nd, 5-4 (Groundball, 56, EV 106.3 MPH)
Batting: RHB Eric Owens 0-0: Fielders Choice at 2nd, 1-6 (Groundball, 34S, EV 83.8 MPH)
Batting: RHB Kelly Stinnett 0-0: Called Strike
0-1: Foul Ball, location: 2F
0-2: Ball
1-2: Hit by Pitch
Eric Owens to second
Batting: RHB Mike Matheny 0-0: Ball
1-0: Fly out, F7 (Line Drive, 7, EV 96.9 MPH)
Bottom of the 3rd over - 0 runs, 0 hits, 0 errors, 2 left on base; Tacoma 0 - San Antonio 2
TOP OF THE 4TH
Tacoma Rainiers batting - Pitching for San Antonio Missions : LHP Allan Anderson
Batting: RHB Russ Davis 0-0: Ball
1-0: SOLO HOME RUN (Flyball, 78XD, EV 102.5 MPH), Distance : 408 ft
Batting: SHB Micah Franklin 0-0: Ball
1-0: Ball
2-0: Ball
3-0: Called Strike
3-1: SINGLE (Groundball, 56D, EV 96.9 MPH)
Batting: LHB Chito Martinez 0-0: Called Strike
0-1: Ball
1-1: Ball
2-1: Foul Ball, location: 2F
2-2: Ball
3-2: Strikes out looking
Batting: RHB Eric Young 0-0: Ball
1-0: SINGLE (Groundball, 56D, EV 102.5 MPH)
Micah Franklin to second
Batting: LHB Daryl Boston 0-0: Ball
1-0: Ball
2-0: Foul Ball, location: 2F
2-1: SINGLE (Line Drive, 9S, EV 91.3 MPH)
Micah Franklin to third
Eric Young to second
Batting: LHB Mario Valdez 0-0: Ball
1-0: Called Strike
1-1: Grounds into double play, 5-4-3 (Groundball, 56, EV 78.1 MPH)
Top of the 4th over - 1 run, 4 hits, 0 errors, 2 left on base; Tacoma 1 - San Antonio 2
BOTTOM OF THE 4TH
San Antonio Missions batting - Pitching for Tacoma Rainiers : RHP Brian Rose
Batting: RHB Luis Sojo 0-0: Ball
1-0: Ball
2-0: Called Strike
2-1: Ball
3-1: Base on Balls
Batting: LHB David Hulse 0-0: Ball
1-0: Ground out 4-3 (Groundball, 4S, EV 74.4 MPH)
Luis Sojo to second
Batting: SHB Bill Doran 0-0: Ball
1-0: Swinging Strike
1-1: DOUBLE (Line Drive, 8RXD, EV 106.9 MPH)
Luis Sojo scores
Batting: RHB Damian Jackson 0-0: Foul Ball, location: 2F
0-1: Called Strike
0-2: Ball
1-2: Ball
2-2: Strikes out looking
Batting: RHB Orlando Miller 0-0: Called Strike
0-1: Called Strike
0-2: Foul Ball, location: 2F
0-2: Fly out, F7 (Flyball, 7, EV 86.9 MPH)
Bottom of the 4th over - 1 run, 1 hit, 0 errors, 1 left on base; Tacoma 1 - San Antonio 3
TOP OF THE 5TH
Tacoma Rainiers batting - Pitching for San Antonio Missions : LHP Allan Anderson
Batting: LHB Greg O'Halloran 0-0: Called Strike
0-1: Foul Ball, location: 2F
0-2: Ball
1-2: Ball
2-2: Foul Ball, location: 2F
2-2: Foul Ball, location: 2F
2-2: Foul Ball, location: 2F
2-2: Strikes out swinging
Batting: SHB Chad Fonville 0-0: Ball
1-0: Ball
2-0: SINGLE (Groundball, 6MD, EV 95.0 MPH)
Batting: RHB Jose Guillen 0-0: Fly out, F9 (Flyball, 9LM, EV 108.1 MPH)
Batting: RHB Russ Davis 0-0: Called Strike
0-1: Called Strike
0-2: Ball
1-2: Ball
2-2: Fly out, F7 (Flyball, 7LSF, EV 83.1 MPH)
Top of the 5th over - 0 runs, 1 hit, 0 errors, 1 left on base; Tacoma 1 - San Antonio 3
BOTTOM OF THE 5TH
San Antonio Missions batting - Pitching for Tacoma Rainiers : RHP Brian Rose
Batting: RHB David Green 0-0: Swinging Strike
0-1: Ball
1-1: Ball
2-1: Swinging Strike
2-2: Foul Ball, location: 2F
2-2: Strikes out looking
Batting: RHB Eric Owens 0-0: Foul Ball, location: 2F
0-1: Foul Ball, location: 2F
0-2: Ball
1-2: Ball
2-2: SINGLE (Flyball, 78S, EV 88.8 MPH)
Batting: RHB Kelly Stinnett 0-0: Ball
1-0: Ball
2-0: Called Strike
2-1: Called Strike
2-2: Strikes out looking
Batting: RHB Mike Matheny 0-0: Ball
1-0: Called Strike
1-1: Ball
Eric Owens steals 2nd base (no throw)
2-1: Ball
3-1: Foul Ball, location: 2F
3-2: Base on Balls
Pitching: LHP Jeff Wallace
Batting: RHB Luis Sojo 0-0: Called Strike
0-1: Called Strike
0-2: Foul Ball, location: 2F
0-2: Ground out U3 (Groundball, 3, EV 86.9 MPH)
Bottom of the 5th over - 0 runs, 1 hit, 0 errors, 2 left on base; Tacoma 1 - San Antonio 3
TOP OF THE 6TH
Tacoma Rainiers batting - Pitching for San Antonio Missions : LHP Allan Anderson
Batting: SHB Micah Franklin 0-0: Called Strike
0-1: Called Strike
0-2: Ball
1-2: Ball
2-2: Foul Ball, location: 2F
2-2: Foul Ball, location: 2F
2-2: Foul Ball, location: 2F
2-2: Ground out U3 (Groundball, 34, EV 83.1 MPH)
Batting: LHB Chito Martinez 0-0: Ball
1-0: Ball
2-0: Called Strike
2-1: Ball
3-1: Base on Balls
Batting: RHB Eric Young 0-0: Called Strike
0-1: SINGLE (Groundball, 56, EV 104.4 MPH) (infield hit)
Chito Martinez to second
Batting: LHB Daryl Boston 0-0: Ball
1-0: Ball
2-0: Called Strike
2-1: Fielders Choice at 2nd, 4-6 (Groundball, 34, EV 84.4 MPH)
Chito Martinez to third
Batting: LHB Mario Valdez 0-0: Called Strike
0-1: Foul Ball, location: 2F
0-2: Ball
1-2: Ball
2-2: Foul Ball, location: 2F
2-2: Ball
3-2: Foul Ball, location: 2F
3-2: Fly out, F9 (Flyball, 9LD, EV 110.0 MPH)
Top of the 6th over - 0 runs, 1 hit, 0 errors, 2 left on base; Tacoma 1 - San Antonio 3
BOTTOM OF THE 6TH
San Antonio Missions batting - Pitching for Tacoma Rainiers : LHP Jeff Wallace
Batting: LHB David Hulse 0-0: Ball
1-0: Ball
2-0: Foul Ball, location: 2F
2-1: Ball
3-1: Base on Balls
Pitching: RHP Greg McMichael
Batting: SHB Bill Doran 0-0: Called Strike
0-1: Ball
1-1: Swinging Strike
1-2: Strikes out swinging
Pitching: RHP Carlos Reyes
Batting: RHB Damian Jackson 0-0: Ball
1-0: Called Strike
1-1: Called Strike
1-2: Ball
2-2: Strikes out looking
Batting: RHB Orlando Miller 0-0: Ball
David Hulse steals 2nd, throwing error, E2
David Hulse to third
1-0: Foul Ball, location: 2F
1-1: Foul Ball, location: 2F
1-2: Ball
2-2: Strikes out looking
Bottom of the 6th over - 0 runs, 0 hits, 1 error, 1 left on base; Tacoma 1 - San Antonio 3
TOP OF THE 7TH
Tacoma Rainiers batting - Pitching for San Antonio Missions : LHP Allan Anderson
Batting: LHB Greg O'Halloran 0-0: Ball
1-0: Ball
2-0: Fly out, F9 (Flyball, 89S, EV 95.6 MPH)
Batting: SHB Chad Fonville 0-0: Ball
1-0: Called Strike
1-1: Swinging Strike
1-2: Ball
2-2: SINGLE (Line Drive, 34D, EV 94.4 MPH)
Pitching: LHP Graeme Lloyd
Batting: RHB Jose Guillen 0-0: Ball
1-0: Fly out, F7 (Flyball, 7S, EV 87.5 MPH)
Batting: RHB Russ Davis 0-0: Ball
1-0: Ball
2-0: Ball
3-0: Called Strike
3-1: Ground out 6-3 (Groundball, 6S, EV 93.1 MPH)
Top of the 7th over - 0 runs, 1 hit, 0 errors, 1 left on base; Tacoma 1 - San Antonio 3
BOTTOM OF THE 7TH
San Antonio Missions batting - Pitching for Tacoma Rainiers : RHP Carlos Reyes
Batting: RHB David Green 0-0: Fly out, F9 (Flyball, 89D, EV 104.4 MPH)
Batting: RHB Eric Owens 0-0: SINGLE (Line Drive, 89S, EV 101.3 MPH)
Pitching: RHP Tavo Alvarez
Batting: RHB Kelly Stinnett 0-0: Called Strike
0-1: Ball
1-1: Called Strike
1-2: Strikes out looking
Batting: RHB Mike Matheny 0-0: Ball
1-0: Ball
2-0: Ball
3-0: Called Strike
3-1: SINGLE (Groundball, 34D, EV 104.4 MPH)
Eric Owens to second
Runner from 2nd tries for 3rd, SAFE, throw by RF made to third
Batting: RHB Luis Sojo 0-0: Called Strike
0-1: Ball
1-1: Called Strike
1-2: Foul Ball, location: 2F
1-2: Foul Ball, location: 2F
1-2: Ball
2-2: Fielders Choice at 2nd, U4 (Groundball, 4M, EV 86.3 MPH)
Bottom of the 7th over - 0 runs, 2 hits, 0 errors, 2 left on base; Tacoma 1 - San Antonio 3
TOP OF THE 8TH
Tacoma Rainiers batting - Pitching for San Antonio Missions : LHP Graeme Lloyd
Batting: SHB Micah Franklin 0-0: Foul Ball, location: 2F
0-1: Called Strike
0-2: Ball
1-2: Fly out, F7 (Flyball, 7S, EV 82.5 MPH)
Batting: LHB Chito Martinez 0-0: Foul Ball, location: 2F
0-1: Foul Ball, location: 2F
0-2: Ball
1-2: Strikes out looking
Batting: RHB Eric Young 0-0: Ball
1-0: Ball
2-0: TRIPLE (Flyball, 78XD, EV 103.8 MPH)
Batting: LHB Daryl Boston 0-0: Ball
1-0: Called Strike
1-1: Ground out 6-3 (Groundball, 6, EV 81.9 MPH)
Top of the 8th over - 0 runs, 1 hit, 0 errors, 1 left on base; Tacoma 1 - San Antonio 3
BOTTOM OF THE 8TH
San Antonio Missions batting - Pitching for Tacoma Rainiers : RHP Tavo Alvarez
Batting: LHB David Hulse 0-0: Called Strike
0-1: Swinging Strike
0-2: Ball
1-2: Ball
2-2: Ball
3-2: Ground out 4-3 (Groundball, 4, EV 85.0 MPH)
Batting: SHB Bill Doran 0-0: Foul Ball, location: 2F
0-1: Ball
1-1: Foul Ball, location: 2F
1-2: DOUBLE (Line Drive, 78D, EV 103.1 MPH)
Batting: RHB Damian Jackson 0-0: Ball
1-0: Ball
2-0: Called Strike
2-1: Ball
3-1: Base on Balls
Batting: RHB Orlando Miller 0-0: Ball
1-0: Ball
2-0: Called Strike
2-1: Ball
3-1: Called Strike
3-2: Base on Balls
Bill Doran to third
Damian Jackson to second
Batting: RHB David Green 0-0: Swinging Strike
0-1: Ball
1-1: Called Strike
1-2: Ball
2-2: Strikes out looking
Batting: RHB Eric Owens 0-0: Ball
1-0: Foul Ball, location: 2F
1-1: Ball
2-1: Fielders Choice at 2nd, 6-4 (Groundball, 6, EV 88.1 MPH)
Bottom of the 8th over - 0 runs, 1 hit, 0 errors, 3 left on base; Tacoma 1 - San Antonio 3
TOP OF THE 9TH
Tacoma Rainiers batting - Pitching for San Antonio Missions : LHP Graeme Lloyd
Batting: LHB Mario Valdez 0-0: Called Strike
0-1: Ball
1-1: Called Strike
1-2: Ball
2-2: Foul Ball, location: 2F
2-2: Ball
3-2: Foul Ball, location: 2F
3-2: Strikes out swinging
Batting: LHB Greg O'Halloran 0-0: Called Strike
0-1: Ball
1-1: Ball
2-1: Called Strike
2-2: Fly out, F8 (Flyball, 8LM, EV 82.5 MPH)
Pitching: LHP Terry Mulholland
Batting: SHB Chad Fonville 0-0: Called Strike
0-1: SINGLE (Groundball, 34D, EV 102.5 MPH)
Batting: RHB Jose Guillen 0-0: Ball
1-0: Ball
2-0: Called Strike
2-1: Ground out 1-3 (Groundball, P, EV 88.1 MPH)
Top of the 9th over - 0 runs, 1 hit, 0 errors, 1 left on base; Tacoma 1 - San Antonio 3
Wednesday, February 4th, 2026 - OOTP Baseball 20.8 Build 74